 Dungeon Crawl Stone Soup version 0.23.2-1-ga50397a6bc (webtiles) character file.

Game seed: 12817295498546020269

18729 Revguard the Carver (level 12, -1/73 HPs)
             Began as a Tengu Gladiator on May 8, 2019.
             Was a High Priest of Dithmenos.
             Slain by a minotaur
             ... wielding a +0 glaive
              (29 damage)
             ... in a Gauntlet.
             The game lasted 00:39:50 (8938 turns).

Revguard the Carver (Tengu Gladiator)               Turns: 8938, Time: 00:39:51

Health: -1/73      AC: 19    Str: 16 (17) XL:     12   Next: 61%
Magic:  27/27      EV: 22    Int:  5 (8)  God:    Dithmenos [*****.]
Gold:   680        SH:  0    Dex: 21 (22) Spells: 11/11 levels left

rFire    . . .     SeeInvis +   l - +2 falchion (protect)
rCold    + + +     Gourm    .   (no shield)
rNeg     . . .     Faith    .   g - +2 leather armour "Wuol" {rC+++ MR- MP+9 Slay+3}
rPois    .         Spirit   .   F - +2 hat
rElec    .         Reflect  .   t - +2 cloak
rCorr    .         Harm     .   q - +0 pair of gloves {Str+3}
MR       .....     NoTele   +   (boots unavailable)
Stlth    +++++.....             z - amulet of regeneration
HPRegen  0.62/turn              b - +2 ring of slaying
MPRegen  0.20/turn              u - ring of see invisible

@: protection aura, flying quickly and evasively, wreathed by umbra, quick
A: beak, talons 3, deterioration 1, magic resistance 1, wild magic 1, able to
fly
a: Stop Flying, Shadow Step, Shadow Form, Renounce Religion


You were in a Gauntlet.
You worshipped Dithmenos.
Dithmenos was extremely pleased with you.
You were very hungry.

You visited 1 branch of the dungeon, and saw 11 of its levels.
You also visited: Gauntlet.

You collected 680 gold pieces.

Inventory:

Hand Weapons
 a - a +0 long sword of electrocution
 l - a +2 falchion of protection (weapon)
 r - a +0 scimitar
 B - a +0 great sword
Missiles
 d - 7 throwing nets (quivered)
Armour
 g - the +2 leather armour "Wuol" (worn) {rC+++ MR- MP+9 Slay+3}
   (You found it on level 6 of the Dungeon)

   It affects your accuracy and damage with ranged weapons and melee attacks
   (+3).
   It renders you almost immune to cold.
   It affects your resistance to hostile enchantments.
   It affects your magic capacity (+9).
 k - a +1 hat
 o - a +3 troll leather armour
 q - a +0 pair of gloves of strength (worn)
 t - a +2 cloak (worn)
 E - +0 steam dragon scales
 F - a +2 hat (worn)
Jewellery
 b - a +2 ring of slaying (left hand)
 n - an uncursed ring of positive energy
 u - a ring of see invisible (right hand)
 w - an uncursed amulet of guardian spirit
 z - an amulet of regeneration (around neck)
Wands
 v - a wand of iceblast (2)
 y - a wand of digging (9)
 C - a wand of clouds (2)
 D - a wand of paralysis (14)
Scrolls
 c - 3 scrolls of teleportation
 h - 3 scrolls of amnesia
 m - 3 scrolls of blinking
 p - 4 scrolls of remove curse
 s - a scroll of immolation
 x - a scroll of magic mapping
Potions
 e - 2 potions of curing
 i - 2 potions of haste
 j - a potion of might
 A - a potion of lignification
Comestibles
 f - 19 rations


   Skills:
 + Level 7.8 Fighting
 + Level 13.4 Long Blades
 - Level 2.0 Throwing
 + Level 7.8 Armour
 + Level 8.0 Dodging
 + Level 5.6 Stealth
 * Level 5.8 Invocations
 + Level 6.8 Evocations


You had 11 spell levels left.
You didn't know any spells.
Your spell library contained the following spells:

 Spells                   Type           Power        Failure   Level  Hunger
 Animate Skeleton         Necr           N/A          63%         1    ##.....
 Apportation              Tloc           #.....       63%         1    ##.....
 Confusing Touch          Hex            #.....       63%         1    ##.....
 Pain                     Necr           #...         63%         1    ##.....
 Summon Butterflies       Summ           #.......     63%         1    ##.....
 Call Canine Familiar     Summ           #.......     92%         3    ####...
 Confuse                  Hex            #.......     92%         3    ####...
 Gell's Gravitas          Tloc           #.........   92%         3    ####...
 Lesser Beckoning         Tloc           #.........   92%         3    ####...
 Regeneration             Chrm/Necr      #.........   92%         3    ####...
 Tukima's Dance           Hex            #.......     92%         3    ####...
 Vampiric Draining        Necr           #.........   92%         3    ####...
 Animate Dead             Necr           N/A          100%        4    #####..
 Petrify                  Tmut/Erth      #.......     100%        4    #####..
 Summon Ice Beast         Ice/Summ       #.......     100%        4    #####..
 Alistair's Intoxication  Tmut/Pois      #.......     100%        5    ######.
 Metabolic Englaciation   Hex/Ice        #.........   100%        5    ######.
 Summon Mana Viper        Hex/Summ       #.......     100%        5    ######.
 Yara's Violent Unravell  Hex/Tmut       #.........   100%        5    ######.
 Invisibility             Hex            #.......     100%        6    #######
 Summon Hydra             Summ           #.........   100%        7    #######


Dungeon Overview and Level Annotations

Branches:
Dungeon (11/15)            Temple (0/1) D:4            Lair (0/6) D:9
    Orc (0/2) D:11

Altars:
Cheibriados
Dithmenos
Fedhas
Gozag
Hepliaklqana
Qazlal
Ru
Sif Muna
Trog
The Shining One

Annotations:
Gauntlet 17 runed translucent doors, 6 transporters, exclusion: lightning spire


Innate Abilities, Weirdness & Mutations

You have a beak for a mouth.
You have claws for feet.
You can fly continuously.
Your body sometimes deteriorates upon taking damage.
You are resistant to hostile enchantments. (MR+)
Your spells are a little harder to cast, but a little more powerful.


Message History

A minotaur comes into view. It is wielding a +0 glaive.
You are feeling very hungry.
The minotaur throws a javelin of penetration.
The javelin of penetration pierces through you!!
Your body deteriorates!
You feel dopey.
The minotaur throws a javelin of penetration.
The javelin of penetration pierces through you!
There is a transporter landing site here.
The minotaur barely misses you.
You hit the minotaur but do no damage.
Your weapon exudes an aura of protection.
You claw the minotaur.
The minotaur is lightly wounded.
Your shadow barely misses the minotaur.
The minotaur hits you with a +0 glaive!!
The minotaur gores you.
* * * LOW HITPOINT WARNING * * *
You feel better.
The minotaur hits you with a +0 glaive!!
You die...

##.#.#.##.#..#####
#..#.#.#.:#..#≈8≈#
###.#.##8©#..#...# ####
##.#.####!#..#.8.# ...
#.##.P#.[##..#...##.#
#.#.P#..#h#..#.8....# #
##...###.##..#...##.##.#
###########..#...# ..H
............≈#.©@##.#
............∩#...H..#
............≈#.©.##.#
###########..#(..# ...
#.........#..#...##.##.#
#.##...##.#..#.8....# #
#..##.##..#..#...##.#
#...#.#...#..#.8.# ..
#....©#..©#..#...# ##


You could see a minotaur and a raiju (wandering).

Vanquished Creatures
  A hydra (D:10)
  Harold (D:9)
  3 two-headed ogres
  A queen ant (D:8)
  A tengu warrior (Gauntlet)
  An orange crystal statue (Gauntlet)
  A manticore (D:11)
  Maurice (D:10)
  A centaur skeleton (D:10)
  A komodo dragon (D:9)
  2 tengu conjurers (Gauntlet)
  3 trolls (D:9)
  2 queen bees
  A hornet (D:9)
  Grinder (D:5)
  2 hippogriffs
  6 yaks (D:10)
  A steam dragon (D:10)
  Menkaure (D:4)
  A water moccasin (D:10)
  20 soldier ants (D:8)
  6 orc warriors
  2 black bears
  A phantom (D:4)
  4 wolves (D:9)
  5 ogres
  2 sky beasts
  2 centaurs (D:8)
  4 big kobolds
  A wyvern zombie (D:6)
  3 bullfrogs
  4 scorpions
  36 killer bees
  4 howler monkeys
  An electric eel (D:9)
  6 crimson imps
  2 bullfrog zombies
  3 quasits
  A centaur zombie (D:7)
  8 hounds
  3 jellies
  6 orc priests
  17 orc wizards
  2 bullfrog skeletons
  Crazy Yiuf (D:3)
  3 iguanas
  Ijyb (D:5)
  23 worker ants
  A killer bee zombie (D:6)
  2 hound zombies
  Robin (D:3)
  A howler monkey zombie (D:9)
  A howler monkey skeleton (D:6)
  8 adders
  A shadow imp (D:10)
  2 oozes
  An adder skeleton (D:8)
  4 worms
  4 dart slugs
  5 leopard geckos
  42 orcs
  5 giant cockroaches
  13 goblins
  9 hobgoblins
  9 jackals
  40 kobolds
  4 quokkas
  3 ball pythons
  7 bats
  7 frilled lizards
  A leopard gecko zombie (D:5)
  A quokka skeleton (D:8)
  8 rats
  11 plants (D:8)
394 creatures vanquished.

Vanquished Creatures (others)
  A fungus (Gauntlet)
  4 plants (Gauntlet)
5 creatures vanquished.

Grand Total: 399 creatures vanquished

Notes
Turn   | Place    | Note
-------+----------+-------------------------------------------
     0 | D:1      | Revguard the Tengu Gladiator began the quest for the Orb.
     0 | D:1      | Reached XP level 1. HP: 12/12 MP: 2/2
   123 | D:1      | Reached XP level 2. HP: 12/17 MP: 3/3
   517 | D:2      | Found a snail-covered altar of Cheibriados.
   548 | D:2      | Noticed a moth of wrath
   550 | D:2      | Found a bloodstained altar of Trog.
   735 | D:2      | Reached XP level 3. HP: 13/21 MP: 4/4
  1082 | D:2      | Reached skill level 4 in Long Blades
  1242 | D:2      | Found a blossoming altar of Fedhas.
  1317 | D:2      | Reached skill level 1 in Armour
  1813 | D:2      | Reached XP level 4. HP: 27/27 MP: 5/5
  2018 | D:3      | Gained mutation: You are frail. (-10% HP) [potion of
                  | mutation]
  2018 | D:3      | Gained mutation: You are partially covered in rugged brown
                  | scales. (AC +1, +3% HP) [potion of mutation]
  2018 | D:3      | Found an opulent altar of Gozag.
  2018 | D:3      | Found a shadowy altar of Dithmenos.
  2031 | D:3      | Became a worshipper of Dithmenos the Shadowed
  2097 | D:3      | Found a stormy altar of Qazlal.
  2227 | D:3      | Noticed Robin
  2238 | D:3      | Killed Robin
  2319 | D:3      | Gained mutation: You can fly continuously. [Tengu growth]
  2319 | D:3      | Reached XP level 5. HP: 23/28 MP: 6/6
  2411 | D:3      | Reached * piety under Dithmenos
  2446 | D:3      | Found a runed translucent door.
  2447 | D:3      | Noticed Crazy Yiuf
  2455 | D:3      | Killed Crazy Yiuf
  2718 | D:4      | Reached skill level 1 in Invocations
  2734 | D:4      | Found a staircase to the Ecumenical Temple.
  2751 | D:4      | Noticed Menkaure
  2762 | D:4      | Killed Menkaure
  2762 | D:4      | Reached skill level 5 in Long Blades
  2762 | D:4      | Reached XP level 6. HP: 34/34 MP: 6/8
  2852 | D:4      | Noticed a phantom
  2868 | D:4      | Killed a phantom
  2868 | D:4      | Reached skill level 1 in Stealth
  2883 | D:4      | Reached XP level 7. HP: 33/38 MP: 9/9
  2961 | D:4      | Reached skill level 6 in Long Blades
  3119 | D:4      | Reached skill level 5 in Dodging
  3205 | D:5      | Entered Level 5 of the Dungeon
  3218 | D:5      | Reached XP level 8. HP: 37/44 MP: 9/11
  3314 | D:5      | Noticed Ijyb
  3327 | D:5      | Noticed Grinder
  3334 | D:5      | Killed Ijyb
  3334 | D:5      | Reached skill level 7 in Long Blades
  3335 | D:5      | Paralysed by Grinder for 7 turns
  3351 | D:5      | Killed Grinder
  3554 | D:5      | Reached ** piety under Dithmenos
  4015 | D:6      | Got a pitted leather armour
  4026 | D:6      | Identified the +2 leather armour "Wuol" {rC+++ MR- MP+9
                  | Slay+3} (You found it on level 6 of the Dungeon)
  4032 | D:6      | Found a deep blue altar of Sif Muna.
  4137 | D:6      | Reached skill level 8 in Long Blades
  4137 | D:6      | Reached skill level 1 in Evocations
  4265 | D:6      | Reached XP level 9. HP: 48/48 MP: 12/12
  4574 | D:7      | Found a sacrificial altar of Ru.
  4615 | D:7      | Lost mutation: You are frail. (-10% HP) [potion of
                  | mutation]
  4615 | D:7      | Lost mutation: You are partially covered in rugged brown
                  | scales. (AC +1, +3% HP) [potion of mutation]
  4615 | D:7      | Gained mutation: Your body sometimes deteriorates upon
                  | taking damage. [potion of mutation]
  4615 | D:7      | Gained mutation: Your spells are a little harder to cast,
                  | but a little more powerful. [potion of mutation]
  4615 | D:7      | Gained mutation: You are resistant to hostile enchantments.
                  | (MR+) [potion of mutation]
  4756 | D:7      | Reached skill level 9 in Long Blades
  4866 | D:7      | Reached *** piety under Dithmenos
  5054 | D:7      | Reached skill level 5 in Fighting
  5643 | D:8      | Reached skill level 10 in Long Blades
  5647 | D:8      | Reached XP level 10. HP: 59/59 MP: 13/13
  5673 | D:8      | Reached **** piety under Dithmenos
  5688 | D:8      | Reached skill level 5 in Armour
  5709 | D:8      | Noticed a two-headed ogre
  5728 | D:8      | Killed a two-headed ogre
  5781 | D:8      | Reached skill level 11 in Long Blades
  5794 | D:8      | Noticed a queen ant
  5824 | D:8      | Killed a queen ant
  5852 | D:8      | Reached skill level 5 in Evocations
  5945 | D:8      | Reached XP level 11. HP: 64/65 MP: 15/15
  6002 | D:8      | Reached ***** piety under Dithmenos
  6804 | D:9      | Noticed Harold
  6816 | D:9      | Killed Harold
  6816 | D:9      | Reached skill level 12 in Long Blades
  7148 | D:9      | Found a staircase to the Lair.
  7229 | D:9      | Found a glowing golden altar of the Shining One.
  7284 | D:9      | Noticed a two-headed ogre
  7293 | D:9      | Killed a two-headed ogre
  7461 | D:9      | Found a hazy altar of Hepliaklqana.
  7465 | D:9      | Found a blossoming altar of Fedhas.
  7628 | D:10     | Entered Level 10 of the Dungeon
  7665 | D:10     | Noticed Maurice
  7672 | D:10     | Killed Maurice
  7708 | D:10     | Reached XP level 12. HP: 72/72 MP: 17/17
  7760 | D:10     | Reached skill level 5 in Invocations
  7770 | D:10     | Reached skill level 5 in Stealth
  8055 | D:10     | Noticed a six-headed hydra
  8059 | D:10     | Killed a seven-headed hydra
  8241 | D:10     | Noticed a two-headed ogre
  8247 | D:10     | Killed a two-headed ogre
  8247 | D:10     | Reached skill level 13 in Long Blades
  8601 | D:11     | Found a gate leading to a gauntlet.
  8609 | Gauntlet | Entered a Gauntlet
  8609 | Gauntlet | Found a large runed translucent door.
  8609 | Gauntlet | Found a large runed translucent door.
  8609 | Gauntlet | Found a large runed translucent door.
  8609 | Gauntlet | Found a large runed translucent door.
  8609 | Gauntlet | Found a large runed translucent door.
  8609 | Gauntlet | Found a large runed translucent door.
  8609 | Gauntlet | Found a large runed translucent door.
  8609 | Gauntlet | Found a large runed translucent door.
  8609 | Gauntlet | Found a runed translucent door.
  8609 | Gauntlet | Found a runed translucent gate.
  8609 | Gauntlet | Found a transporter.
  8609 | Gauntlet | Found a transporter.
  8609 | Gauntlet | Found a runed translucent gate.
  8609 | Gauntlet | Found a transporter.
  8609 | Gauntlet | Found a transporter.
  8609 | Gauntlet | Noticed a tengu warrior
  8613 | Gauntlet | Found a transporter.
  8613 | Gauntlet | Found a transporter.
  8628 | Gauntlet | Found a transporter.
  8632 | Gauntlet | Found a transporter.
  8644 | Gauntlet | Found a transporter.
  8672 | Gauntlet | Found a transporter.
  8692 | Gauntlet | Found a transporter.
  8696 | Gauntlet | Found a transporter.
  8712 | Gauntlet | Found a runed translucent gate.
  8713 | Gauntlet | Found a large runed translucent door.
  8713 | Gauntlet | Found a large runed translucent door.
  8714 | Gauntlet | Found a large runed translucent door.
  8715 | Gauntlet | Found a large runed translucent door.
  8716 | Gauntlet | Found a large runed translucent door.
  8716 | Gauntlet | Found a large runed translucent door.
  8716 | Gauntlet | Found a runed translucent door.
  8717 | Gauntlet | Found a large runed translucent door.
  8718 | Gauntlet | Found a large runed translucent door.
  8809 | Gauntlet | Killed a tengu warrior
  8897 | Gauntlet | Noticed an ironheart preserver
  8897 | Gauntlet | Noticed an ironheart preserver
  8925 | Gauntlet | Noticed a minotaur
  8938 | Gauntlet | Slain by a minotaur

Skill      XL: |  1  2  3  4  5  6  7  8  9 10 11 12 |
---------------+-------------------------------------+-----
Long Blades    | 4 5 6 8 10 11 12 13 | 13.4
Armour         | 1 2 3 4 6 7 |  7.8
Dodging        | 4 5 6 7 8 |  8.0
Invocations    | 1 2 3 4 5 |  5.8
Fighting       | 3 4 5 6 7 |  7.8
Stealth        | 1 2 3 4 5 |  5.6
Evocations     | 1 3 5 6 |  6.8
Throwing       | |  2.0

Action                   |  1- 3 |  4- 6 |  7- 9 | 10-12 || total
-------------------------+-------+-------+-------+-------++-------
Melee: Long sword        |    73 |    50 |       |       ||   123
       Kick              |    22 |    37 |   112 |   316 ||   487
       Peck              |     8 |    18 |    73 |   192 ||   291
       Falchion          |       |    62 |   274 |   602 ||   938
Invok: Shadow Step       |       |       |       |     3 ||     3
 Abil: Fly               |       |     1 |       |       ||     1
Evoke: Wand              |       |       |       |    10 ||    10
  Use: Scroll            |     3 |     2 |     8 |    12 ||    25
       Potion            |       |     2 |     3 |     4 ||     9
 Stab: Distracted        |     1 |       |     1 |     3 ||     5
       Sleeping          |     1 |     1 |     5 |     8 ||    15
  Eat: Chunk             |     2 |     5 |     7 |    11 ||    25
Armor: Leather armour    |    14 |    40 |    48 |    85 ||   187
Dodge: Dodged            |    53 |   115 |   261 |   470 ||   899
       Rpst.: Long sword |    24 |     8 |       |       ||    32
       Falchion          |       |    19 |    80 |   147 ||   246
